General information
- name: BNet
- type: Ladder team game (AT/RT)
- host: Battle.net
- saver: AwayLikeWater
map: Cherryville
- players: 8
- length: 24:26
- speed: Fast
- version: 1.27 W3XP
- replay type: Public
» download(146 KB)
Players
team 1 (loser)

»
Kratos-GODOFWAR (
yellow | 57 APM | 1034 actions | 18:10)
3 Blademaster
1 Mirror Image
1 Critical Strike
1 Wind Walk
2 Goblin Alchemist
1 Healing Spray
1 Chemical Rage
1 Dark Ranger
1 Black Arrow
» actions
| Assign group hotkey | 19 | |
| Basic commands | 112 | |
| Build / train | 63 | |
| Enter build submenu | 19 | |
| Enter hero's abilities submenu | 6 | |
| Give item / drop item | 1 | |
| Right click | 309 | |
| Select / deselect | 207 | |
| Select group hotkey | 261 | |
| Use ability | 37 | |
1034 total
» units
| Peon | 29 | |
| Grunt | 9 | |
| Kodo Beast | 1 | |
| Raider | 4 | |
| Shaman | 2 | |
45 total
» upgrades
| Armor | 1 | |
| Berserker Strength | 1 | |
| Shaman Training | 2 | |
| Melee Weapons | 1 | |
| Ensnare | 1 | |
6 total
» buildings
| Orc Burrow | 10 | |
| Barracks | 1 | |
| Altar of Storms | 2 | |
| War Mill | 1 | |
| Stronghold | 1 | |
| Great Hall | 2 | |
| Beastiary | 1 | |
| Spirit Lodge | 1 | |
| Voodoo Lounge | 1 | |
| Fortress | 1 | |
21 total
» build order
00:20 Orc Burrow
00:27 Barracks
00:51 Altar of Storms
00:54 Altar of Storms
01:41 Orc Burrow
02:11 Orc Burrow
02:30 War Mill
04:15 Stronghold
04:44 Great Hall
05:36 Orc Burrow
06:43 Beastiary
07:35 Spirit Lodge
07:52 Voodoo Lounge
09:25 Orc Burrow
09:26 Orc Burrow
10:18 Fortress
12:38 Orc Burrow
12:39 Orc Burrow
12:39 Orc Burrow
16:54 Great Hall
17:27 Orc Burrow
» items
AwayLikeWater (
green | 87 APM | 2122 actions | 24:26)
5 Death Knight
3 Death Coil
2 Unholy Aura
3 Lich
2 Frost Nova
1 Frost Armor
» actions
| Assign group hotkey | 43 | |
| Basic commands | 33 | |
| Build / train | 109 | |
| ESC pressed | 1 | |
| Enter build submenu | 37 | |
| Enter hero's abilities submenu | 8 | |
| Give item / drop item | 9 | |
| Right click | 655 | |
| Select / deselect | 347 | |
| Select group hotkey | 793 | |
| Use ability | 87 | |
2122 total
» units
| Acolyte | 11 | |
| Ghoul | 4 | |
| Crypt Fiend | 8 | |
| Goblin Shredder | 2 | |
| Frost Wyrm | 3 | |
| Goblin Zeppelin | 2 | |
| Meatwagon | 2 | |
32 total
» upgrades
| Creature Attack | 3 | |
| Burrow | 1 | |
| Web | 1 | |
| Creature Carapace | 3 | |
| Freezing Breath | 1 | |
| Destroyer Form | 1 | |
| Exhume Corpses | 1 | |
| Unholy Strength | 3 | |
| Unholy Armor | 3 | |
| Disease Cloud | 1 | |
| Ghoul Frenzy | 1 | |
| Spiked Barricades | 1 | |
20 total
» buildings
| Graveyard | 1 | |
| Crypt | 4 | |
| Altar of Darkness | 1 | |
| Ziggurat | 9 | |
| Tomb of Relics | 1 | |
| Halls of the Dead | 3 | |
| Nerubian Tower | 2 | |
| Sacrificial Pit | 1 | |
| Spirit Tower | 14 | |
| Black Citadel | 4 | |
| Boneyard | 3 | |
| Slaughterhouse | 3 | |
| Necropolis | 1 | |
| Stronghold | 6 | |
| Watch Tower | 9 | |
62 total
» build order
00:15 Graveyard
00:21 Crypt
00:41 Altar of Darkness
00:57 Ziggurat
01:22 Tomb of Relics
02:01 Ziggurat
04:12 Halls of the Dead
04:13 Halls of the Dead
04:40 Ziggurat
05:01 Ziggurat
06:18 Ziggurat
06:19 Nerubian Tower
08:56 Sacrificial Pit
09:02 Spirit Tower
09:02 Spirit Tower
09:19 Black Citadel
09:19 Black Citadel
09:19 Black Citadel
10:39 Ziggurat
11:44 Boneyard
11:46 Boneyard
11:49 Boneyard
11:57 Spirit Tower
12:00 Spirit Tower
12:00 Spirit Tower
12:00 Spirit Tower
13:32 Ziggurat
13:47 Slaughterhouse
13:50 Slaughterhouse
13:55 Slaughterhouse
15:46 Spirit Tower
15:46 Spirit Tower
15:58 Ziggurat
16:05 Ziggurat
17:16 Spirit Tower
17:39 Necropolis
19:14 Crypt
19:19 Crypt
19:21 Crypt
19:27 Spirit Tower
19:27 Spirit Tower
23:17 Stronghold
23:18 Stronghold
23:18 Stronghold
23:18 Stronghold
23:21 Watch Tower
23:21 Watch Tower
23:22 Watch Tower
23:23 Watch Tower
23:23 Watch Tower
23:24 Watch Tower
23:25 Watch Tower
23:25 Watch Tower
23:26 Watch Tower
» items
| Rod of Necromancy | 2 | |
| Sacrificial Skull | 2 | |
| Periapt of Vitality | 3 | |
| Staff of Teleportation | 2 | |
| Boots of Speed | 1 | |
| Potion of Invisibility | 1 | |
| Circlet of Nobility | 1 | |
12 total
bannedfromwc3 (
pink | 68 APM | 1221 actions | 18:03)
4 Archmage
2 Summon Water Elemental
2 Brilliance Aura
» actions
| Assign group hotkey | 22 | |
| Basic commands | 47 | |
| Build / train | 58 | |
| ESC pressed | 1 | |
| Enter build submenu | 20 | |
| Enter hero's abilities submenu | 4 | |
| Remove unit from queue | 3 | |
| Right click | 560 | |
| Select / deselect | 234 | |
| Select group hotkey | 211 | |
| Use ability | 61 | |
1221 total
» units
» upgrades
» buildings
| Altar of Kings | 1 | |
| Farm | 7 | |
| Barracks | 1 | |
| Blacksmith | 1 | |
| Arcane Vault | 1 | |
| Town Hall | 5 | |
| Keep | 2 | |
| Lumber Mill | 3 | |
| Castle | 1 | |
22 total
» build order
00:14 Altar of Kings
01:26 Farm
01:39 Farm
01:41 Barracks
01:43 Blacksmith
02:28 Farm
02:53 Arcane Vault
02:56 Farm
03:26 Farm
04:33 Town Hall
05:29 Farm
06:37 Town Hall
07:08 Keep
07:08 Keep
07:44 Town Hall
08:47 Farm
08:49 Lumber Mill
08:55 Lumber Mill
09:51 Town Hall
10:45 Town Hall
13:25 Castle
14:51 Lumber Mill
» items
| Scroll of Regeneration | 1 | |
| Scroll of Town Portal | 2 | |
3 total
blue35 (
purple | 27 APM | 520 actions | 19:27)
3 Death Knight
2 Death Coil
1 Unholy Aura
2 Crypt Lord
1 Impale
1 Spiked Carapace
» actions
| Build / train | 37 | |
| Enter build submenu | 13 | |
| Enter hero's abilities submenu | 5 | |
| Right click | 271 | |
| Select / deselect | 166 | |
| Use ability | 28 | |
520 total
» units
| Acolyte | 2 | |
| Ghoul | 3 | |
| Crypt Fiend | 8 | |
| Frost Wyrm | 3 | |
16 total
» upgrades
| Creature Attack | 3 | |
| Creature Carapace | 2 | |
| Web | 1 | |
| Freezing Breath | 1 | |
7 total
» buildings
| Crypt | 1 | |
| Ziggurat | 7 | |
| Altar of Darkness | 1 | |
| Graveyard | 1 | |
| Nerubian Tower | 1 | |
| Spirit Tower | 3 | |
| Halls of the Dead | 1 | |
| Sacrificial Pit | 1 | |
| Black Citadel | 1 | |
| Boneyard | 2 | |
| Tomb of Relics | 1 | |
20 total
» build order
00:21 Crypt
00:25 Ziggurat
00:35 Altar of Darkness
01:04 Graveyard
01:53 Ziggurat
02:00 Nerubian Tower
02:16 Ziggurat
02:54 Spirit Tower
03:54 Spirit Tower
04:07 Ziggurat
04:44 Halls of the Dead
07:19 Sacrificial Pit
07:58 Black Citadel
11:08 Boneyard
11:11 Boneyard
11:43 Ziggurat
11:44 Ziggurat
13:01 Ziggurat
15:41 Spirit Tower
17:34 Tomb of Relics
» items
team 2 (winner)
UrAssIsGrass (
red | 59 APM | 1439 actions | 24:26)
7 Blademaster
3 Wind Walk
3 Critical Strike
1 Bladestorm
» actions
| Assign group hotkey | 19 | |
| Basic commands | 116 | |
| Build / train | 54 | |
| Enter build submenu | 36 | |
| Enter hero's abilities submenu | 7 | |
| Give item / drop item | 5 | |
| Remove unit from queue | 2 | |
| Right click | 536 | |
| Select / deselect | 311 | |
| Select group hotkey | 234 | |
| Use ability | 118 | |
1439 total
» units
| Peon | 8 | |
| Grunt | 6 | |
| Goblin Shredder | 1 | |
| Troll Batrider | 4 | |
| Troll Witch Doctor | 1 | |
20 total
» upgrades
| Armor | 3 | |
| Pillage | 1 | |
| Reinforced Defenses | 1 | |
| Ranged Weapons | 3 | |
| Liquid Fire | 1 | |
| Troll Regeneration | 1 | |
10 total
» buildings
| Orc Burrow | 4 | |
| Altar of Storms | 1 | |
| Barracks | 1 | |
| Voodoo Lounge | 1 | |
| Stronghold | 1 | |
| War Mill | 2 | |
| Great Hall | 1 | |
| Watch Tower | 19 | |
| Fortress | 1 | |
| Beastiary | 4 | |
| Spirit Lodge | 1 | |
36 total
» build order
00:10 Orc Burrow
00:52 Altar of Storms
00:54 Barracks
01:08 Orc Burrow
01:40 Voodoo Lounge
02:56 Stronghold
04:09 War Mill
04:15 Orc Burrow
05:02 Great Hall
06:11 Watch Tower
06:11 Watch Tower
06:12 Watch Tower
06:12 Watch Tower
06:47 Orc Burrow
07:21 Fortress
07:52 War Mill
08:49 Beastiary
08:50 Beastiary
08:55 Beastiary
09:13 Beastiary
10:48 Watch Tower
10:49 Watch Tower
10:58 Watch Tower
10:58 Watch Tower
11:00 Watch Tower
11:00 Watch Tower
11:21 Watch Tower
11:25 Watch Tower
11:53 Watch Tower
11:54 Watch Tower
11:54 Watch Tower
14:09 Spirit Lodge
14:37 Watch Tower
14:42 Watch Tower
15:32 Watch Tower
» items
| Healing Salve | 4 | |
| Boots of Speed | 1 | |
| Circlet of Nobility | 1 | |
| Lesser Clarity Potion | 1 | |
| Orb of Lightning | 1 | |
| Potion of Healing | 1 | |
9 total
S-J-W-SUPP0RTER (
teal | 75 APM | 1838 actions | 24:26)
6 Far Seer
3 Feral Spirit
3 Chain Lighting
» actions
| Assign group hotkey | 44 | |
| Basic commands | 43 | |
| Build / train | 67 | |
| Enter build submenu | 25 | |
| Enter hero's abilities submenu | 6 | |
| Give item / drop item | 2 | |
| Remove unit from queue | 1 | |
| Right click | 566 | |
| Select / deselect | 273 | |
| Select group hotkey | 389 | |
| Use ability | 422 | |
1838 total
» units
| Peon | 16 | |
| Kobold | 1 | |
| Wind Rider | 3 | |
| Troll Batrider | 15 | |
| Raider | 2 | |
37 total
» upgrades
| Ranged Weapons | 3 | |
| Reinforced Defenses | 1 | |
| Liquid Fire | 1 | |
| Armor | 1 | |
6 total
» buildings
| Altar of Storms | 1 | |
| Orc Burrow | 5 | |
| War Mill | 1 | |
| Voodoo Lounge | 1 | |
| Watch Tower | 19 | |
| Stronghold | 2 | |
| Beastiary | 3 | |
| Great Hall | 1 | |
| Fortress | 2 | |
35 total
» build order
00:09 Altar of Storms
00:21 Orc Burrow
00:46 War Mill
01:13 Voodoo Lounge
02:02 Watch Tower
02:31 Watch Tower
03:28 Stronghold
03:28 Stronghold
03:46 Watch Tower
03:49 Watch Tower
04:05 Orc Burrow
04:10 Watch Tower
04:33 Orc Burrow
06:10 Beastiary
06:25 Watch Tower
06:26 Watch Tower
06:26 Watch Tower
06:26 Watch Tower
06:30 Watch Tower
06:30 Watch Tower
06:31 Watch Tower
06:31 Watch Tower
07:08 Beastiary
07:38 Watch Tower
07:38 Watch Tower
07:39 Watch Tower
07:54 Great Hall
08:21 Beastiary
08:25 Orc Burrow
09:01 Watch Tower
10:23 Fortress
10:23 Fortress
12:00 Watch Tower
12:02 Watch Tower
12:06 Orc Burrow
» items
| Healing Salve | 2 | |
| Lesser Clarity Potion | 2 | |
| Potion of Healing | 1 | |
| Scroll of Town Portal | 2 | |
| Potion of Mana | 1 | |
| Potion of Lesser Invulnerability | 1 | |
| Staff of Teleportation | 1 | |
| Potion of Invisibility | 1 | |
11 total

»
Undead[ (
blue | 48 APM | 1160 actions | 24:15)
2 Tauren Chieftain
1 War Stomp
1 Endurance Aura
3 Far Seer
2 Feral Spirit
1 Chain Lighting
3 Shadow Hunter
2 Hex
1 Healing Wave
» actions
| Assign group hotkey | 27 | |
| Basic commands | 57 | |
| Build / train | 75 | |
| ESC pressed | 2 | |
| Enter build submenu | 57 | |
| Enter hero's abilities submenu | 9 | |
| Right click | 357 | |
| Select / deselect | 335 | |
| Select group hotkey | 156 | |
| Use ability | 85 | |
1160 total
» units
» upgrades
| Spiked Barricades | 1 | |
| Melee Weapons | 4 | |
| Pillage | 2 | |
| Ranged Weapons | 1 | |
| Armor | 4 | |
| Reinforced Defenses | 1 | |
| Berserker Strength | 1 | |
14 total
» buildings
| Altar of Storms | 2 | |
| Orc Burrow | 11 | |
| Barracks | 4 | |
| War Mill | 4 | |
| Stronghold | 2 | |
| Great Hall | 1 | |
| Watch Tower | 23 | |
| Spirit Lodge | 1 | |
| Fortress | 1 | |
| Voodoo Lounge | 1 | |
50 total
» build order
00:20 Altar of Storms
00:22 Orc Burrow
00:34 Altar of Storms
00:40 Orc Burrow
01:25 Barracks
01:26 Barracks
01:36 Barracks
01:51 Orc Burrow
02:00 War Mill
02:03 War Mill
02:10 War Mill
02:21 Orc Burrow
02:55 Barracks
03:33 Stronghold
03:35 Stronghold
04:27 Orc Burrow
05:15 Great Hall
05:31 Watch Tower
07:08 Orc Burrow
07:56 Spirit Lodge
08:58 Watch Tower
09:01 Watch Tower
09:02 Watch Tower
09:04 Watch Tower
09:06 Watch Tower
09:10 Watch Tower
09:12 Watch Tower
10:55 Fortress
11:25 Watch Tower
11:26 Watch Tower
11:28 Watch Tower
11:29 Watch Tower
11:29 Watch Tower
11:50 War Mill
12:06 Watch Tower
12:13 Watch Tower
12:17 Watch Tower
12:20 Watch Tower
12:34 Orc Burrow
13:29 Voodoo Lounge
17:13 Orc Burrow
17:18 Orc Burrow
17:26 Orc Burrow
18:22 Watch Tower
18:23 Watch Tower
19:19 Orc Burrow
19:22 Watch Tower
19:24 Watch Tower
19:26 Watch Tower
19:28 Watch Tower
» items
| Boots of Speed | 1 | |
| Scroll of Town Portal | 1 | |
| Staff of Teleportation | 1 | |
| Potion of Lesser Invulnerability | 1 | |
4 total
Chat log
(00:48 / Allies) blue35: rush?
(01:09 / Allies) AwayLikeWater: ain't no rush, I got all the time in the world man
(01:12 / Allies) AwayLikeWater: let's have a good time
(01:23 / Allies) blue35: lol ok
(01:34 / Allies) Kratos-GODOFWAR: i need fast expo
(01:35 / Allies) Kratos-GODOFWAR: plz
(01:40 / Allies) AwayLikeWater: I expo here
(01:44 / Allies) AwayLikeWater: you take mid right
(01:54 / Allies) Kratos-GODOFWAR: k bring all units here guys
(03:44 / Allies) AwayLikeWater: nice, coming to leech xp at the last second
(03:46 / Allies) Kratos-GODOFWAR: green
(03:51 / Allies) AwayLikeWater: you can creep it yourself wtf
(03:53 / Allies) Kratos-GODOFWAR: u so greedy man
(03:54 / Allies) AwayLikeWater: get 3 grunts
(03:57 / Allies) AwayLikeWater: how the fuck am I greedy
(03:58 / Allies) Kratos-GODOFWAR: wow
(04:00 / Allies) Kratos-GODOFWAR: fuk u too
(04:01 / Allies) AwayLikeWater: we can each expo at the same time idiot
(04:46 / Allies) Kratos-GODOFWAR: ty
(04:54 / Allies) blue35: np
(05:17 / Allies) Kratos-GODOFWAR: bah mana fountain fyi
(05:57 / Allies) AwayLikeWater: 100 wood?
(06:08 / Allies) AwayLikeWater: ty
(06:27 / Allies) Kratos-GODOFWAR: tp???
(06:29 / Allies) Kratos-GODOFWAR: da fuk
(06:50 / Allies) blue35: comin
(07:09 / Allies) AwayLikeWater: omw
(07:15 / Allies) bannedfromwc3: lets hit top
(07:18 / Allies) bannedfromwc3: hurry
(08:12 / Allies) Kratos-GODOFWAR: gren?
(08:17 / Allies) AwayLikeWater: coming
(09:06 / Allies) bannedfromwc3: ignore that
(10:29 / Allies) bannedfromwc3: green if you wont help attack then defend my town
(12:03 / Allies) blue35: r/ ya
(13:13 / All) bannedfromwc3: turn off mh
(13:21 / All) Undead[: sorry
(14:10 / Allies) Kratos-GODOFWAR: wow
(14:56 / Allies) Kratos-GODOFWAR: wow
(15:08 / Allies) bannedfromwc3: hit abase
(15:18 / Allies) bannedfromwc3: he only has bats he cant defend his own base
(16:43 / All) UrAssIsGrass: good tp bro
(16:51 / All) bannedfromwc3: youre bad
(16:59 / All) UrAssIsGrass: am i? lol
(17:06 / Allies) Kratos-GODOFWAR: shoulda fucking rushed
(17:13 / All) UrAssIsGrass: strange thing to say after getting reamed
(17:15 / Allies) bannedfromwc3: its still 3v3
(17:49 / All) bannedfromwc3: if you dont understand why bm and bats isnt impressive then ya youre bad
(17:51 / Allies) Kratos-GODOFWAR: and you take my fucking goldmine?!
(17:53 / Allies) Kratos-GODOFWAR: lmao
(17:55 / Allies) Kratos-GODOFWAR: fuk u green
(17:56 / Allies) AwayLikeWater: "your" goldmine?
(17:59 / Allies) AwayLikeWater: I haunted it now
(18:01 / Allies) Kratos-GODOFWAR: YES
(18:03 / Allies) Kratos-GODOFWAR: MY GOLDMINE
(18:04 / Allies) AwayLikeWater: it belongs to the scourge now
(18:04 / Allies) Kratos-GODOFWAR: rofl
(18:07 / Allies) Kratos-GODOFWAR: loser
(18:09 / Allies) Kratos-GODOFWAR: enjoy
(18:10 / Allies) blue35: tower up
(18:11 / Allies) AwayLikeWater: it's an undead mine
(18:21 / All) S-J-W-SUPP0RTER: lol
(18:27 / All) AwayLikeWater: yellow is mad I took """""his""""" mine
(18:29 / All) UrAssIsGrass: CHARGE
(18:59 / All) Undead[: the grunts are real
(19:33 / All) Undead[: gg
(19:38 / All) AwayLikeWater: gg
(19:40 / All) AwayLikeWater: now you must lose
(19:45 / All) Undead[: LOL
(19:51 / All) AwayLikeWater: you've sealed your fate now
(20:25 / All) AwayLikeWater: you can leave now, or we can do this the long way
(20:47 / All) Undead[: stfu kid
(22:05 / All) UrAssIsGrass: if blue leaves I'd like for pink to get the loss lawl
(22:19 / All) UrAssIsGrass: he got raped with rifles against bm bats
(22:24 / All) UrAssIsGrass: and then talked hsit
(23:12 / All) AwayLikeWater: Blue chooses the long way out
(24:05 / All) Undead[: omg
(24:14 / All) Undead[: allies killing now
(24:17 / All) AwayLikeWater: lol
(24:18 / All) UrAssIsGrass: aite lawl
(24:22 / All) UrAssIsGrass: give you team loss
(24:22 / All) AwayLikeWater: his attitude sure changed fast
(24:25 / All) UrAssIsGrass: I told him what was up